 Dungeon Crawl Stone Soup version 0.27-a0-1290-g15d3ce7508 (webtiles) character file.

Game seed: 3849323198755319726

121 Brecoman the Digger (level 5, -1/30 HPs)
             Began as a Gargoyle Earth Elementalist on June 15, 2021.
             Slain by Natasha (2 damage)
             ... on level 2 of the Dungeon.
             The game lasted 00:07:06 (2939 turns).

Brecoman the Digger (Gargoyle Earth Elementalist)   Turns: 2939, Time: 00:07:07

Health: -1/30      AC:  7    Str: 12    XL:     5   Next: 5%
Magic:  9/9        EV: 11    Int: 16    God:
Gold:   58         SH:  0    Dex: 10    Spells: 8/9 levels left

rFire    . . .     SeeInvis .   e - +0 mace
rCold    . . .     Faith    .   (no shield)
rNeg     + . .     Spirit   .   j - +0 leather armour
rPois    ∞         Reflect  .   (no helmet)
rElec    +         Harm     .   (no cloak)
rCorr    .         Rampage  .   (no gloves)
Will     .....                  (no boots)
Stlth    ++........             (no amulet)
HPRegen  0.10/turn              (no ring)
MPRegen  0.11/turn              (no ring)

@: no status effects
A: sickness immunity, AC +4, negative energy resistance 1, electricity
resistance, torment resistance 1, petrification resistance
a: no special abilities


You were on level 2 of the Dungeon.
You visited 1 branch of the dungeon, and saw 2 of its levels.

You collected 58 gold pieces.

Inventory:

Hand Weapons
 e - a +0 mace (weapon)
Missiles
 b - 62 stones
Armour
 c - a +0 robe
 j - a +0 leather armour (worn)
Jewellery
 g - an amulet of the acrobat
 h - a ring of wizardry
 i - a ring of protection from cold
Scrolls
 d - 2 scrolls of identify {unknown}
 l - a scroll of magic mapping {unknown}
Potions
 a - a potion of attraction {unknown}
 f - a potion of invisibility
 k - a potion of magic {unknown}


   Skills:
 + Level 2.0 Fighting
 + Level 1.7 Maces & Flails
 - Level 1.5 Dodging
 + Level 3.3 Stealth
 + Level 2.6 Spellcasting
 - Level 0.7 Transmutations
 + Level 4.3 Earth Magic


You had 8 spell levels left.
You knew the following spells:

 Your Spells              Type           Power      Damage    Failure   Level
a - Sandblast             Erth           32%        2d9       4%          1

Your spell library contained the following spells:

 Spells                   Type           Power      Damage    Failure   Level
 Passwall                 Tmut/Erth      8%         N/A       13%         2
 Stone Arrow              Conj/Erth      18%        3d8       30%         3
 Petrify                  Tmut/Erth      10%        N/A       65%         4
 Lee's Rapid Deconstruct  Erth           8%         3d8*      75%         5


Dungeon Overview and Level Annotations

Branches:
Dungeon (2/15)

Altars:

Annotations:
D:1 exclusion: gnoll
D:2 Natasha


Innate Abilities, Weirdness & Mutations

You are immune to sickness and miasma.
Your stone body is resilient. (AC +4)
You are immune to poison.
You resist negative energy. (rN+)
You are resistant to electric shocks. (rElec)
You are resistant to unholy torment.
You are immune to petrification.


Message History

The crimson imp hits you but does no damage.
You closely miss Natasha.
Natasha is severely wounded.
Natasha casts a spell.
The crimson imp hits you but does no damage.
Natasha misses you.
You hit Natasha.
Natasha is severely wounded.
The crimson imp blinks!
Natasha claws you but does no damage.
You hit Natasha but do no damage.
Natasha is severely wounded.
Natasha claws you.
You closely miss Natasha.
Natasha is severely wounded.
Natasha claws you.
You barely miss Natasha.
Natasha is severely wounded.
The white imp disappears in a puff of smoke!
Natasha claws you.
The crimson imp hits you but does no damage.
Natasha closely misses you.
You closely miss Natasha.
Natasha is severely wounded.
The crimson imp closely misses you.
Natasha mumbles some strange words.
The crimson imp hits you but does no damage.
You barely miss Natasha.
Natasha is severely wounded.
Natasha closely misses you.
The crimson imp hits you but does no damage.
The shadow imp barely misses you.
You hit Natasha but do no damage.
Natasha is severely wounded.
Natasha casts a spell at you. The magic dart hits you!
* * * LOW HITPOINT WARNING * * *
The crimson imp barely misses you.
The shadow imp hits you but does no damage.
Natasha claws you.
You die...

#.# #.....##.##
#.# #÷#..###.# #.#
#.##.# #.# #.#
#.##.# #.# #.#
#.##.###.# #.#
#.##.....# #.#
#.##.######### #5#
#.............
#@######.....#....
#5h5.........).###
########.####.####
#).........
##########. #. #.
#. #.


You could see Natasha, a crimson imp (summoned), a white imp (summoned) and a
shadow imp (summoned).

Vanquished Creatures
  Natasha (D:2)
  4 adders (D:2)
  3 dart slugs (D:2)
  8 endoplasms
  4 giant cockroaches
  5 goblins
  2 hobgoblins
  4 jackals (D:2)
  4 quokkas
  3 ball pythons
  3 bats
  5 frilled lizards
  3 kobolds
  5 rats
54 creatures vanquished.

Notes
Turn   | Place    | Note
-------+----------+-------------------------------------------
     0 | D:1      | Brecoman the Gargoyle Earth Elementalist began the quest
                  | for the Orb.
     0 | D:1      | Reached XP level 1. HP: 10/10 MP: 3/3
   227 | D:1      | Reached XP level 2. HP: 16/16 MP: 1/5
   311 | D:1      | Found a faded altar of an unknown god.
   311 | D:1      | Noticed a floating eye
   313 | D:1      | Noticed a shining eye
   314 | D:1      | Noticed a golden eye
   314 | D:1      | Noticed an eye of devastation
   891 | D:1      | Reached skill level 1 in Fighting
   932 | D:1      | Reached XP level 3. HP: 18/20 MP: 6/6
  1201 | D:2      | Reached skill level 1 in Maces & Flails
  1221 | D:2      | Reached skill level 4 in Earth Magic
  1709 | D:2      | Reached XP level 4. HP: 25/25 MP: 7/7
  2312 | D:2      | Noticed Natasha
  2325 | D:2      | Killed Natasha
  2731 | D:2      | Reached XP level 5. HP: 23/30 MP: 7/9
  2911 | D:2      | Noticed Natasha
  2939 | D:2      | HP: 1/30 [Natasha/magic dart (10)]
  2939 | D:2      | Slain by Natasha

Illustrated notes

Levels and vault maps discovered:
D:1:      matt_arrival_los_fun, layout_basic, serial_glass, glass_columns_c,
          glass_columns_a, hellmonk_ecumenical_altar_watching_god
D:2:      minmay_chambers_of_ones, layout_loops_ring, minmay_nonomino_d4,
          uniq_natasha

Skill      XL: |  1  2  3  4 |
---------------+-------------+-----
Fighting       | 1 2 |  2.0
Maces & Flails | 1 |  1.7
Earth Magic    | 4 |  4.3
Stealth        | 3 |  3.3
Dodging        | |  1.5
Spellcasting   | |  2.6
Transmutations | |  0.7

Action                   |  1- 3 |  4- 6 || total
-------------------------+-------+-------++-------
Melee: Mace              |    68 |    82 ||   150
 Cast: Sandblast         |    16 |     6 ||    22
 Stab: Sleeping          |     2 |     1 ||     3
Armor: Robe              |    36 |       ||    36
       Leather armour    |     2 |    53 ||    55
Dodge: Dodged            |    67 |    61 ||   128

Table legend: (Time is in decaauts)
 A = Elapsed time spent in this place.
 B = Non-inter-level travel time spent in this place.
 C = Inter-level travel time spent in this place.
 D = Time resting spent in this place.
 E = Time spent auto-exploring this place.
 F = Levels seen in this place.
 G = Mean time per level.
                   A        B        C        D        E       F      G
               +--------+--------+--------+--------+--------+-----+--------+
         Total |   2989 |   2948 |     41 |   1183 |    990 |   2 | 1494.5 |
       Dungeon |   2989 |   2948 |     41 |   1183 |    990 |   2 | 1494.5 |
               +--------+--------+--------+--------+--------+-----+--------+

Top non-repeatable levels by time:
     D:2: 1568 daAuts
     D:1: 1420 daAuts
